cohdb
Replays
Latest Replays
All Replays
Popular Replays
Top Player Replays
Match Explorer
How It Works
Community
CoH3 Stats
Reddit
Sign in to upload your games and track your stats! →
Sign in with Steam
Match 37569661
Unlisted
Match 37569661
Overview
Messages
Build Orders
End
Royal Engineer Section
Construct Section Command Post
Selects Indian Artillery Battlegroup
Dingo Light Scout Car
Infantry Section
Vickers Machine Gun Team
Infantry Section
Construct Platoon Command Post
Construct Field Infirmary
6-pounder Anti-tank Gun Team
Grenade Package
6-pounder Anti-tank Gun Team
Humber Armored Car
ML 3-inch Mortar Team
Wrathment
Lergen
0
0
Comments
sign in to comment!
No comments posted yet!